 Dungeon Sprint DCSS version 0.22-a0-750-ga7dcef7 (webtiles) character file.

427 collin38 the Protected (level 6, 0/94 HPs)
             Began as a Minotaur Fighter on July 15, 2018.
             Succumbed to a killer bee's poison
             ... in the Dungeon (Sprint IV: "Fedhas' Mad Dash").
             The game lasted 00:01:39 (190 turns).

collin38 the Protected (Minotaur Fighter)            Turns: 190, Time: 00:01:40

Health: 0/94       AC:  8    Str: 27    XL:     6   Next: 65%
Magic:  5/5        EV: 10    Int:  5    God:
Gold:   77         SH: 12    Dex: 10    Spells: 5/5 levels left

rFire    . . .     SeeInvis .   a - +0 long sword
rCold    . . .     Gourm    .   c - +0 shield
rNeg     . . .     Faith    .   b - +0 scale mail
rPois    .         Spirit   .   (helmet restricted)
rElec    .         Reflect  .   (no cloak)
rCorr    .         Harm     .   (no gloves)
MR       .....     NoTele   +   (no boots)
Stlth    ..........             (no amulet)
HPRegen  0.25/turn              (no ring)
MPRegen  0.09/turn              (no ring)

@: berserking, lethally poisoned (0 -> -10), hasted, very quick
A: retaliatory headbutt, horns 2
a: no special abilities


You were in the Dungeon.
You were not hungry.

You visited 1 branch You collected 77 gold pieces.

Inventory:

Hand Weapons
 a - a +0 long sword (weapon)
Armour
 b - a +0 scale mail (worn)
 c - a +0 shield (worn)
Jewellery
 d - the amulet of invisibility {+Inv}
   (You found it in the Dungeon)

   [amulet of nothing]

   It lets you turn invisible.
Scrolls
 k - a scroll of blinking
Potions
 i - 2 potions of magic
Comestibles
 f - a ration


   Skills:
 + Level 9.1 Fighting
 + Level 7.4 Long Blades
 + Level 10.2 Armour
 + Level 2.4 Dodging
 + Level 9.4 Shields


You had 5 spell levels left.
You didn't know any spells.
Your spell library was empty.

Dungeon Overview and Level Annotations

Branches:
Dungeon (1/1)

Altars:


Innate Abilities, Weirdness & Mutations

You reflexively headbutt those who attack you in melee.
You have a pair of horns on your head.


Message History

You furiously retaliate!
You headbutt the killer bee!!
You kill the killer bee!
You closely miss the killer bee.
The killer bee is lightly wounded.
You block the killer bee's attack.
The killer bee stings you but does no damage.
You miss the killer bee. Your headbutt misses the killer bee.
The killer bee is lightly wounded.
* * * LOW HITPOINT WARNING * * *
You feel sick. The killer bee stings you.
* * * LOW HITPOINT WARNING * * *
You are more poisoned.
The killer bee poisons you!
You closely miss the killer bee.
The killer bee is lightly wounded.
* * * LOW HITPOINT WARNING * * *
You feel sick. You block the killer bee's attack.
You closely miss the killer bee. You headbutt the killer bee.
The killer bee is heavily wounded.
You die...

##################
#<..P#.†...#.....#
#PP..'.)...'.#(..+
#PPPP#.....#.#...#
###############'##
#...♣........'...#
#%....@♣.....#...#
#.....♣y.♣..######
##+####+#####


You could see a killer bee.

Vanquished Creatures
  A queen bee (D)
  3 killer bees (D)
  2 oklob saplings (D)
  A worker ant (D)
  A river rat (D)
  A rat (D)
9 creatures vanquished.

Notes
Turn   | Place    | Note
-------+----------+-------------------------------------------
     0 | D        | collin38 the Minotaur Fighter began the quest for the Orb.
     0 | D        | Reached XP level 1. HP: 19/19 MP: 0/0
    12 | D        | Reached skill level 4 in Armour
    12 | D        | Reached XP level 2. HP: 18/28 MP: 1/1
   117 | D        | Noticed an oklob sapling
   121 | D        | Killed an oklob sapling
   121 | D        | Reached skill level 5 in Fighting
   121 | D        | Reached skill level 5 in Armour
   121 | D        | Reached skill level 5 in Shields
   121 | D        | Reached XP level 3. HP: 36/36 MP: 2/2
   124 | D        | Found the amulet of invisibility {+Inv}
   128 | D        | Reached skill level 6 in Armour
   140 | D        | Noticed an oklob sapling
   143 | D        | Killed an oklob sapling
   143 | D        | Reached XP level 4. HP: 44/44 MP: 3/3
   155 | D        | Noticed a queen bee
   159 | D        | Reached skill level 7 in Armour
   159 | D        | Reached skill level 1 in Dodging
   176 | D        | Killed a queen bee
   176 | D        | Reached skill level 9 in Armour
   176 | D        | Reached XP level 5. HP: 17/56 MP: 4/4
   176 | D        | Reached XP level 6. HP: 19/62 MP: 5/5
   178 | D        | Reached skill level 10 in Armour
   188 | D        | HP: 4/94 [poisoned by a killer bee]
   189 | D        | HP: 1/94 [poisoned by a killer bee]
   190 | D        | Succumbed to a killer bee's poison

Vault maps used:
D:        dungeon_sprint_fedhas

Skill      XL: |  1  2  3  4  5  6 |
---------------+-------------------+-----
Fighting       | 4 5 6 8 9 |  9.1
Armour         | 4 5 6 9 10 | 10.2
Shields        | 4 5 6 9 |  9.4
Long Blades    | 3 4 6 7 |  7.4
Dodging        | 2 |  2.4

Action                   |  1- 3 |  4- 6 || total
-------------------------+-------+-------++-------
Melee: Long sword        |    15 |    28 ||    43
       Headbutt          |     2 |     6 ||     8
  Use: Potion            |     1 |     5 ||     6
Armor: Scale mail        |     6 |     7 ||    13
Dodge: Dodged            |     6 |    18 ||    24
Block: Shield            |    10 |    26 ||    36
       Rpst.: Long sword |       |     4 ||     4

Table legend:
 A = Spawn XP
 B = Non-spawn XP
 C = Spawn XP percentage of total XP
 D = Spawn monster count
 E = Non-spawn monster count
 F = Spawn count percentage of total count
 G = Total turns spent on level
                    A         B        C        D         E        F      G
               +---------+---------+-------+---------+---------+-------+---------
         Total |       0 |     610 |   0.0 |       0 |       9 |   0.0 |   190
               +---------+---------+-------+---------+---------+-------+---------
             D |       0 |     610 |   0.0 |       0 |       9 |   0.0 |   190
               +---------+---------+-------+---------+---------+-------+---------
